 Dungeon Crawl Stone Soup version 0.31.0-32-g396128a36d (webtiles) character file.

Game seed: 10711462084939257548

2301 James the Cleaver (level 9, 0/67 (75) HPs)
             Began as a Hill Orc Fighter on Mar 8, 2024.
             Engulfed by a cloud of flame (7 damage)
             ... on level 6 of the Dungeon.
             The game lasted 00:13:16 (6097 turns).

James the Cleaver (Hill Orc Fighter)                Turns: 6097, Time: 00:13:17

HP:   0/67 (75)     AC: 13    Str: 23    XL:     9   Next: 40%
MP:   9/9           EV: 13    Int:  8    God:
Gold: 380           SH:  4    Dex: 13    Spells: 8/8 levels left

rFire   + . .        a - +1 war axe
rCold   . . .        c - +0 buckler
rNeg    . . .        o - +0 chain mail
rPois   .            m - +0 helmet
rElec   .            w - +0 cloak of Ru's Pride {rF+ Dex+3}
rCorr   .            l - +0 pair of gloves
SInv    .            (no boots)
Will    +....        (no amulet) Stlth
                     K - +5 ring of evasion
HPRegen 0.31/turn    B - ring of willpower
MPRegen 0.11/turn

%: no passive effects
@: heavily drained
A: no striking features
a: no special abilities


You were on level 6 of the Dungeon.
You visited 1 branch of the dungeon, and saw 6 of its levels.
You also visited: Sewer.

You collected 380 gold pieces.

Inventory:

Hand Weapons
 a - a +1 war axe (weapon)
 r - a +0 quarterstaff
   (You found it on level 3 of the Dungeon)
 v - a +0 flail
   (You took it off an orc on level 3 of the Dungeon)
 y - a +0 orcbow
   (You took it off a centaur on level 4 of the Dungeon)
 I - a +2 dagger of flaming
   (You took it off an orc on level 6 of the Dungeon)
 R - a +0 spear
   (You took it off a gnoll on level 6 of the Dungeon)
Missiles
 f - 91 stones
 g - 26 poisoned darts (quivered)
Armour
 b - a +0 scale mail
 c - a +0 buckler (worn)
 e - a +0 robe
   (You took it off a gnoll bouda on level 6 of the Dungeon)
 h - a +0 ring mail
   (You found it on level 1 of the Dungeon)
 k - a +0 scale mail
   (You found it on level 2 of the Dungeon)
 l - a +0 pair of gloves (worn)
   (You found it on level 2 of the Dungeon)
 m - a +0 helmet (worn)
   (You found it in a sewer)
 o - a +0 chain mail (worn)
   (You found it on level 2 of the Dungeon)
 q - a +0 scale mail
   (You found it on level 3 of the Dungeon)
 w - the +0 cloak of Ru's Pride (worn) {rF+ Dex+3}
   (You found it on level 3 of the Dungeon)

   Dex+3:     It affects your dexterity (+3).
   rF+:       It protects you from fire.
 C - a +0 ring mail
   (You took it off an orc on level 6 of the Dungeon)
 D - a +0 robe
   (You found it on level 4 of the Dungeon)
 E - a +0 ring mail
   (You found it on level 4 of the Dungeon)
 F - a +0 robe
   (You took it off an orc wizard on level 5 of the Dungeon)
 G - a +0 ring mail
   (You took it off an orc priest on level 5 of the Dungeon)
 J - a scarf of resistance
   (You found it on level 5 of the Dungeon)
 M - a +0 leather armour
   (You found it on level 6 of the Dungeon)
 N - a +0 robe
   (You found it on level 6 of the Dungeon)
 O - a +0 ring mail
   (You found it on level 6 of the Dungeon)
 P - the scarf "Waaroq" {rC+ rF+, +Inv}
   (You found it on level 6 of the Dungeon)

   +Inv:      It lets you turn invisible.
 Q - a +0 ring mail
   (You found it on level 6 of the Dungeon)
 S - a +0 robe
   (You found it on level 1 of the Dungeon)
 T - a +2 robe
   (You took it off Sigmund on level 6 of the Dungeon)
 U - a +0 leather armour
   (You took it off an orc on level 3 of the Dungeon)
 V - a +0 leather armour
   (You found it on level 6 of the Dungeon)
 W - a +0 ring mail
   (You found it on level 6 of the Dungeon)
 X - a +0 leather armour
   (You found it on level 6 of the Dungeon)
Jewellery
 i - a ring of flight
   (You found it on level 1 of the Dungeon)
 x - a ring of magical power
   (You found it on level 3 of the Dungeon)
 B - a ring of willpower (right hand)
   (You found it on level 4 of the Dungeon)
 K - a +5 ring of evasion (left hand)
   (You found it on level 5 of the Dungeon)
Wands
 t - a wand of flame (4)
   (You took it off Sigmund on level 6 of the Dungeon)
Scrolls
 j - a scroll of blinking
 s - a scroll of immolation {!r}
 u - 3 scrolls of vulnerability {!r}
 A - a scroll of enchant weapon
Potions
 d - 3 potions of might
 n - 2 potions of lignification {!q}
 p - 2 potions of enlightenment
 z - a potion of attraction {unknown}
 H - a potion of heal wounds {@q2}
 L - 4 potions of curing {@q1}


   Skills:
 + Level 6.1 Fighting
 * Level 14.0 Axes
 + Level 5.5 Armour
 - Level 3.2 Shields


You had 8 spell levels left.
You didn't know any spells.
Your spell library contained the following spells:

 Spells                   Type           Power      Damage    Failure   Level
 Shock                    Conj/Air       0%         1d3       96%         1
 Mephitic Cloud           Conj/Alch/Air  0%         N/A       100%        3
 Swiftness                Air            0%         N/A       100%        3
 Airstrike                Air            0%         2d(0-16)  100%        4
 Anguish                  Hex/Necr       0%         N/A       100%        4
 Cause Fear               Hex            0%         N/A       100%        4
 Sculpt Simulacrum        Ice/Alch       0%         N/A       100%        6
 Enfeeble                 Hex            0%         N/A       100%        7
 Summon Horrible Things   Summ           0%         N/A       100%        8


Dungeon Overview and Level Annotations

Branches:
Dungeon (6/15)              Sewer (visited)
 Temple: D:4-7

Altars:
Cheibriados
Nemelex Xobeh
Okawaru
Vehumet
Xom
The Shining One

Shops:
D:4 (

Annotations:
D:5 3 runed translucent doors, Killerpretzel's ghost, novice OpSh
D:6 Jeremiah


Message History

You barely miss the hobgoblin.
Jeremiah hits you with a +3 trident of draining!
You feel drained.
The hobgoblin hits you but does no damage.
You hit Jeremiah but do no damage. You barely miss the hobgoblin.
You miss the butterfly. You barely miss the butterfly.
Jeremiah barely misses you. The hobgoblin hits you.
You slash Jeremiah! You hit the butterfly.
You kill the butterfly!
The butterfly disappears in a burst of colours!
You miss the butterfly. You hit the hobgoblin.
Jeremiah says, "Time for a nap after this, I think."
Jeremiah hops!
You miss the butterfly. You hit the hobgoblin but do no damage.
You hit the butterfly.
You kill the butterfly!
The butterfly disappears in a burst of colours!
The hobgoblin hits you but does no damage.
Jeremiah hits you but does no damage.
You feel drained.
You miss the butterfly. You slash the hobgoblin!
You kill the hobgoblin!
You miss the butterfly. You slash the butterfly!
You kill the butterfly!
The butterfly disappears in a burst of colours!
You closely miss the butterfly. You miss the butterfly.
You closely miss the butterfly.
Jeremiah hits you from afar with a +3 trident of draining!
* * * LOW HITPOINT WARNING * * *
You feel drained.
* * * LOW HITPOINT WARNING * * *
You hit the butterfly but do no damage. You completely miss the butterfly.
You miss the butterfly.
The butterfly disappears in a burst of colours!
Jeremiah shouts, "O dreadful one, destroy my foe!"
Something smites you!
* * * LOW HITPOINT WARNING * * *
You see here a hobgoblin corpse.
As you read the scroll of immolation {!r}, it crumbles to dust.
The creatures around you are filled with an inner flame!
Jeremiah hops!
Unknown command.
You slash the butterfly!
The butterfly disappears in a burst of colours!
You hit Jeremiah but do no damage.
The butterfly explodes!
The fiery explosion engulfs you! You resist.
* * * LOW HITPOINT WARNING * * *
The fiery explosion engulfs Jeremiah!!
Flame seeps out of Jeremiah.
You are engulfed in blazing flames.
You resist.
You die...

##### #......####..###'#
#.. ....#
###.##.#.)#...#..# ##.
....# #..).#..'.8.#..# .
## ....#
##.#..#..#...####.. ###
....####.##..#####........
#..
........####..#b.#bb.....#
#.#
########)###..#b)b..##+#.#
#.# ##.#...#§##..# # #.#
### ##....#§@#..#
.######.# #.##
#....#F§#..# .........
.#.## #.#..####....
.#.......
###.######.#..........
.##......
.#.........##..###..##.
.........
#.########......##.#.
...##...... ###
#.##.....###.. ..#......
#.##......#... #........
#.###...#..# ##......


You could see Jeremiah (inner flame).

Vanquished Creatures
  A two-headed ogre (D:6)
  Sigmund (D:6)
  A black bear (D:6)
  2 ogres
  2 centaurs
  2 kobold brigands
  2 bullfrogs (Sewer)
  A gnoll bouda (D:6)
  3 hounds
  2 bombardier beetles
  3 jellies (D:6)
  An orc priest (D:5)
  4 iguanas
  A sleepcap (D:5)
  Natasha (thrice) (D:3)
  An orc wizard (D:5)
  12 adders
  4 gnolls (D:6)
  2 white imps (D:6)
  2 ufetubi (D:5)
  9 dart slugs
  2 ribbon worms
  15 orcs
  6 bats
  10 endoplasms
  8 giant cockroaches
  8 goblins
  15 hobgoblins
  5 jackals (D:1)
  32 kobolds
  3 quokkas
  17 ball pythons
  13 frilled lizards
  6 rats
199 creatures vanquished.

Notes
Turn   | Place    | Note
-------+----------+-------------------------------------------
     0 | D:1      | James the Hill Orc Fighter began the quest for the Orb.
     0 | D:1      | Reached XP level 1. HP: 19/19 MP: 1/1
   135 | D:1      | Reached skill level 3 in Axes
   241 | D:1      | Reached XP level 2. HP: 22/26 MP: 2/2
   482 | D:1      | Reached skill level 4 in Axes
   518 | D:1      | Reached XP level 3. HP: 28/31 MP: 3/3
  1025 | D:2      | Reached skill level 5 in Axes
  1234 | D:2      | Reached XP level 4. HP: 34/39 MP: 4/4
  1617 | D:3      | Noticed Natasha
  1625 | D:2      | Reached skill level 6 in Axes
  1844 | D:3      | Reached XP level 5. HP: 45/45 MP: 5/5
  2011 | D:3      | Got the Grimoire of Contaminated Attendants
  2081 | D:3      | Found a faded altar of an unknown god.
  2102 | D:3      | Reached skill level 7 in Axes
  2114 | D:3      | Identified the +0 cloak of Ru's Pride {rF+ Dex+3}
  2281 | D:3      | Found a shimmering altar of Xom.
  2282 | D:3      | Found a shimmering altar of Xom.
  2283 | D:3      | Found a shimmering altar of Xom.
  2348 | D:3      | Killed Natasha
  2519 | D:3      | Noticed Natasha
  2526 | D:3      | Killed Natasha
  2528 | D:3      | Noticed Natasha
  2536 | D:3      | Killed Natasha
  2614 | D:4      | Reached skill level 8 in Axes
  2617 | D:4      | Reached XP level 6. HP: 46/51 MP: 6/6
  2639 | D:4      | Found an iron altar of Okawaru.
  2643 | D:4      | Found a glowing drain.
  2661 | Sewer    | Entered a sewer
  2905 | Sewer    | Reached skill level 9 in Axes
  2944 | Sewer    | Reached XP level 7. HP: 53/57 MP: 7/7
  3084 | D:4      | Reached skill level 10 in Axes
  3473 | D:4      | Found a sparkling altar of Nemelex Xobeh.
  3572 | D:4      | Found Rucziyr's Antique Weapon Emporium.
  3878 | D:5      | Entered Level 5 of the Dungeon
  3889 | D:5      | Reached skill level 11 in Axes
  4104 | D:5      | Reached XP level 8. HP: 59/64 MP: 8/8
  4153 | D:5      | Found a radiant altar of Vehumet.
  4337 | D:5      | Reached skill level 12 in Axes
  4414 | D:5      | Found a runed translucent gate.
  4414 | D:5      | Found a runed translucent gate.
  4415 | D:5      | Found a runed translucent gate.
  4417 | D:5      | Noticed Killerpretzel's ghost (novice OpSh)
  5176 | D:6      | Identified the scarf "Waaroq" {rC+ rF+, +Inv}
  5316 | D:6      | Found a glowing golden altar of the Shining One.
  5316 | D:6      | Found a snail-covered altar of Cheibriados.
  5334 | D:6      | Noticed a two-headed ogre
  5342 | D:6      | Killed a two-headed ogre
  5343 | D:6      | Reached skill level 5 in Fighting
  5343 | D:6      | Reached skill level 13 in Axes
  5343 | D:6      | Reached XP level 9. HP: 74/74 MP: 9/9
  5428 | D:6      | Reached skill level 5 in Armour
  5630 | D:6      | Noticed Sigmund
  5645 | D:6      | Killed Sigmund
  5791 | D:6      | Reached skill level 14 in Axes
  6084 | D:6      | Noticed Jeremiah
  6097 | D:6      | Engulfed by a cloud of flame

Illustrated notes

Levels and vault maps discovered:
D:1:      dpeg_arrival_circle_labyrinth_c, layout_loops_ring
D:2:      layout_rooms
D:3:      layout_loops_ring, xom_redecorated, basic_ecumenical_altar,
          uniq_natasha
D:4:      layout_loops_cross, mainiacjoe_overflow_large_starburst, serial_shops,
          shop, cheibrodos_sewer_entry_drain, minmay_diced_spiral
D:5:      kennysheep_kobold_camp, layout_cave_pools,
          mainiacjoe_overflow_alcove_1, ebering_ghost_rock_garden
D:6:      corexii_shack_village, layout_loops_cross,
          gammafunk_temple_overflow_elements, uniq_sigmund, uniq_jeremiah

Skill      XL: |  1  2  3  4  5  6  7  8  9 |
---------------+----------------------------+-----
Axes           | 3 4 5 6 8 9 11 13 14 | 14.0
Fighting       | 5 6 |  6.1
Armour         | 4 5 |  5.5
Shields        | |  3.2

Action                     |  1- 3 |  4- 6 |  7- 9 || total
---------------------------+-------+-------+-------++-------
  Melee: War axe           |   111 |   172 |   261 ||   544
  Throw: Dart              |       |       |     5 ||     5
    Use: Scroll            |       |     5 |     8 ||    13
 Armour: Scale mail        |    56 |       |       ||    56
         Chain mail        |    10 |   135 |   163 ||   308
  Dodge: Dodged            |    51 |    51 |    95 ||   197
  Block: Buckler           |    25 |    35 |    49 ||   109
